 Dungeon Crawl Stone Soup version 0.19.1-1-g22dce08 (webtiles) character file.

1182 M4edhros the Blocker (level 8, -1/49 HPs)
             Began as an Octopode Artificer on Dec 31, 2016.
             Was a Follower of Fedhas.
             Slain by an ogre
             ... wielding a +0 giant club
              (13 damage)
             ... on level 5 of the Dungeon.
             The game lasted 00:10:02 (5546 turns).

M4edhros the Blocker (Octopode Artificer)           Turns: 5546, Time: 00:10:02

Health: -1/49      AC:  6    Str: 11    XL:     8   Next: 42%
Magic:  10/10      EV: 10    Int: 14    God:    Fedhas [*.....]
Gold:   260        SH: 15    Dex: 14    Spells: 0 memorised, 7 levels left

rFire  . . .     SeeInvis .     y - +4 dagger (freeze)
rCold  + . .     Gourm    .     i - +0 large shield
rNeg   . . .     Faith    .     C - +1 hat
rPois  .         Spirit   .     e - amulet of magic regeneration
rElec  .         Reflect  .     m - +4 ring of protection
rCorr  .         Harm     .     A - ring of protection from cold
MR     .....                    (no ring)
Stlth  ++++......               (no ring)
                                (no ring)
                                (no ring)
                                (no ring)
                                (no ring)

@: marked
A: almost no armour, stealthy swim, amphibious, 8 rings, constrict 8, camouflage
1, gelatinous body 1
a: Fungal Bloom, Evolution, Renounce Religion


You were on level 5 of the Dungeon.
You worshipped Fedhas.
Fedhas was aware of your devotion.
You were not hungry.

You visited 2 branches of the dungeon, and saw 8 of its levels.

You collected 260 gold pieces.

Inventory:

Hand Weapons
 j - a +0 hunting sling
 y - a +4 dagger of freezing (weapon)
 I - a +1 dagger of venom
 J - the +1 dagger of Exoneration {venom, rElec rF- rC+ Int+6, unknown}
   (You found it on level 5 of the Dungeon)

   It poisons the flesh of those it strikes.
   It affects your intelligence (+6).
   It makes you vulnerable to fire.
   It protects you from cold.
   It insulates you from electricity.
Missiles
 k - 38 sling bullets
 u - a throwing net (quivered)
Armour
 i - a +0 large shield (worn)
 C - a +1 hat (worn)
Jewellery
 e - an amulet of magic regeneration (around mantle)
 m - a +4 ring of protection (left tentacle)
 A - a ring of protection from cold (right tentacle)
Wands
 b - a wand of flame (4/48)
 c - a wand of enslavement (9/24)
 d - a wand of random effects (12/48)
 g - a wand of confusion (28/48)
Scrolls
 a - a scroll of fear {unknown}
 h - a scroll of magic mapping {unknown}
 o - 3 scrolls of teleportation {unknown}
 s - a scroll of recharging {unknown}
 t - 4 scrolls of identify {unknown}
 v - 4 scrolls of enchant weapon {unknown}
 B - 3 scrolls of remove curse {unknown}
 D - a scroll of amnesia {unknown}
 E - a scroll of vulnerability {unknown}
 F - a scroll of enchant armour {unknown}
Potions
 n - 2 potions of might
 p - a potion of magic {unknown}
 q - 2 potions of heal wounds {unknown}
 x - 5 potions of curing
 z - 2 potions of mutation {unknown}
 H - a potion of haste {unknown}
Books
 w - a book of Minor Magic

   Spells                             Type                      Level
   a - Magic Dart                     Conjuration                  1
   b - Blink                          Translocation                2
   c - Call Imp                       Summoning                    2
   d - Repel Missiles                 Charms/Air                   2
   e - Slow                           Hexes                        2
   f - Conjure Flame                  Conjuration/Fire             3
   g - Mephitic Cloud                 Conjuration/Poison/Air       3
Comestibles
 f - 11 bread rations
 l - a meat ration
 r - 3 beef jerkies
 G - 3 fruits


   Skills:
 + Level 1.7 Fighting
 - Level 1.0 Short Blades
 + Level 2.1 Dodging
 - Level 4.0 Stealth
 * Level 9.2 Shields
 - Level 3.2 Evocations


You had 7 spell levels left.
You didn't know any spells.

Dungeon Overview and Level Annotations

Branches:
Dungeon (7/15)             Temple (1/1) D:7

Altars:
Ashenzari
Cheibriados
Dithmenos
Elyvilon
Fedhas
Gozag
Hepliaklqana
Kikubaaqudgha
Makhleb
Nemelex Xobeh
Okawaru
Qazlal
Ru
Sif Muna
Trog
Uskayaw
Vehumet
Xom
Yredelemnul
Zin
The Shining One

Annotations:
D:6 lukamrko's ghost, novice MiFi


Innate Abilities, Weirdness & Mutations

You cannot wear most types of armour.
You are very stealthy in the water. (Stealth+)
You are amphibious.
You can wear up to eight rings at the same time.
You can use your tentacles to constrict eight enemies at once.
Your skin changes colour to match your surroundings (Stealth+).
Your rubbery body absorbs attacks. (AC +1, EV +1)


Message History

You hit the hound zombie.
The hound zombie is almost destroyed.
You constrict the hound zombie.
You destroy the hound zombie!
You block the ogre's attack. You block the ogre's attack.
The ogre hits you with a giant club!!
You hit the ogre. You freeze the ogre.
The ogre is moderately wounded.
Your shield prevents you from hitting the ogre.
The ogre is moderately wounded.
The ogre hits you with a giant club!!
Ouch! That really hurt!
* * * LOW HITPOINT WARNING * * *
Okay, then.
The worker ant bites you but does no damage.
You feel better. You block the worker ant's attack.
The ogre hits you with a giant club!
You die...
Fedhas appreciates your contribution to the ecosystem.

#.##.##<##.......# # ########
#..........#)#####
#......######........Z[...###
#.......# #...####'####....
#.####..#####..Z#.^#.#^.#.###
#####.##.......##...####.####.#
.........#..##.##...#.^#.#^.#.#
#####.####..##.##O..####.####.# #
#...........@a..#.^#.#^.#.#
#.......##.##...####'####.#
#####.......#.#....#.#....#
#.#.##..#.####.###..#####
######.#.....#.# #......# #.
####............#.#######.>.####.
......#...........#..............
###..###.........................
###...#.......[..##..............


You could see an ogre, a worker ant and a centaur zombie.

Vanquished Creatures
  2 ogres
  3 bullfrogs (D:6)
  A scorpion (D:4)
  A crimson imp (D:5)
  2 howler monkeys (D:6)
  A bullfrog skeleton (D:6)
  5 hounds
  A jelly (D:6)
  4 orc wizards (D:4)
  An orc priest (D:4)
  Terence (D:3)
  An iguana (D:4)
  2 worker ants (D:5)
  A hound zombie (D:5)
  8 orcs (D:5)
  2 gnolls
  9 adders
  A shadow imp (D:6)
  An ooze (D:1)
  4 worms
  2 dart slugs
  3 leopard geckos
  3 giant cockroaches
  10 goblins
  8 hobgoblins
  14 jackals
  4 kobolds
  3 ball pythons
  3 bats (D:2)
  3 frilled lizards
  A leopard gecko skeleton (D:4)
  A quokka skeleton (D:5)
  4 rats
110 creatures vanquished.

Vanquished Creatures (collateral kills)
  2 gnolls (D:5)
  2 orcs (D:4)
4 creatures vanquished.

Vanquished Creatures (others)
  An orc wizard (D:4)
  32 toadstools
33 creatures vanquished.

Grand Total: 147 creatures vanquished

Notes
Turn   | Place    | Note
-------+----------+-------------------------------------------
     0 | D:1      | M4edhros the Octopode Artificer began the quest for the Orb.
     0 | D:1      | Reached XP level 1. HP: 13/13 MP: 3/3
    91 | D:1      | Reached XP level 2. HP: 18/18 MP: 4/4
   695 | D:1      | Reached XP level 3. HP: 23/23 MP: 5/5
   742 | D:1      | Reached skill level 1 in Shields
  1422 | D:4      | Reached skill level 2 in Shields
  1422 | D:4      | Reached XP level 4. HP: 7/28 MP: 6/6
  1427 | D:5      | Entered Level 5 of the Dungeon
  1439 | D:5      | Noticed an ogre
  1551 | D:5      | Killed an ogre
  1551 | D:5      | Reached skill level 3 in Shields
  1551 | D:5      | Reached XP level 5. HP: 26/33 MP: 7/7
  1636 | D:5      | Reached skill level 4 in Shields
  1799 | D:4      | Reached skill level 5 in Shields
  1799 | D:4      | Reached XP level 6. HP: 29/38 MP: 8/8
  2063 | D:4      | Reached skill level 6 in Shields
  2401 | D:5      | Reached XP level 7. HP: 43/43 MP: 9/9
  2893 | D:5      | Reached skill level 7 in Shields
  3136 | D:6      | Noticed lukamrko's ghost (novice MiFi)
  3262 | D:6      | Reached skill level 8 in Shields
  3262 | D:6      | Reached XP level 8. HP: 27/48 MP: 10/10
  3686 | D:6      | Reached skill level 9 in Shields
  3780 | D:7      | Found a staircase to the Ecumenical Temple.
  3800 | Temple   | Entered the Ecumenical Temple
  3955 | Temple   | Became a worshipper of Fedhas Madash
  4031 | D:3      | Found a shattered altar of Ashenzari.
  4031 | D:3      | Found a hide-covered altar of Uskayaw.
  4031 | D:3      | Found a white marble altar of Elyvilon.
  4031 | D:3      | Found a glowing golden altar of the Shining One.
  4034 | D:3      | Found a shimmering altar of Xom.
  4266 | D:3      | Noticed Terence
  4273 | D:3      | Killed Terence
  4841 | D:2      | Found a faded altar of an unknown god.
  5034 | D:2      | Reached * piety under Fedhas
  5042 | D:2      | Found a shadowy altar of Dithmenos.
  5519 | D:5      | Got a crude dagger
  5539 | D:5      | HP: 2/49 [ogre/giant club (28)]
  5546 | D:5      | Slain by an ogre

Skill      XL: |  1  2  3  4  5  6  7  8 |
---------------+-------------------------+-----
Stealth        | 3 4 |  4.0
Shields        | 2 3 5 6 8 9 |  9.2
Fighting       | |  1.7
Short Blades   | |  1.0
Dodging        | |  2.1
Evocations     | |  3.2

Action                   |  1- 3 |  4- 6 |  7- 9 || total
-------------------------+-------+-------+-------++-------
Melee: Short sword       |    56 |    51 |       ||   107
       Constrict         |    16 |    17 |    25 ||    58
       Tentacles         |    13 |    16 |    23 ||    52
       Dagger            |       |     9 |   129 ||   138
Invok: Fungal Bloom      |       |       |    20 ||    20
Evoke: Wand              |     3 |    16 |     1 ||    20
  Use: Potion            |       |     2 |     1 ||     3
 Stab: Sleeping          |     8 |     3 |    16 ||    27
       Distracted        |       |       |     2 ||     2
  Eat: Chunk             |     1 |     3 |     5 ||     9
       Meat ration       |       |       |     1 ||     1
       Pizza             |       |       |     1 ||     1
Armor: Skin              |     5 |    20 |    17 ||    42
Dodge: Dodged            |    26 |    27 |    29 ||    82
Block: Large shield      |    12 |    53 |    67 ||   132
